 Dungeon Crawl Stone Soup version 0.30.1-4-g462c640d31 (webtiles) character file.

Game seed: 4735636950671539806

5582 Zeor the Martial Artist (level 10, -2/70 HPs)
             Began as a Demonspawn Transmuter on Aug 14, 2023.
             Was a Believer of Vehumet.
             Slain by a thrashing horror (9 damage)
             ... on level 1 of the Abyss on Aug 15, 2023.
             The game lasted 00:32:30 (7055 turns).

Zeor the Martial Artist (Demonspawn Transmuter)     Turns: 7055, Time: 00:32:31

Health: -2/70      AC: 10    Str: 11    XL:     10   Next: 44%
Magic:  17/18      EV: 22    Int: 21    God:    Vehumet [**....]
Gold:   424        SH:  4    Dex: 19    Spells: 4/20 levels left

rFire   . . .        a - melded +12 long sword of Wealth {chaos, Contam rPois Int+5}
rCold   . . .        (shield currently unavailable)
rNeg    . . .        F - melded +3 leather armour of Leapfrog {rPois Int+3 Stlth+}
rPois   x            (helmet currently unavailable)
rElec   .            (cloak currently unavailable)
rCorr   .            h - melded +0 pair of gloves
SInv    .            i - melded +1 pair of boots
Will    +....        (no amulet)
Stlth   ++           s - +4 ring of protection
HPRegen 0.31/turn    q - ring of Balance {Will+ Int+3}
MPRegen 0.16/turn

%: no passive effects
@: spider-form, hasted, studying Polearms, very quick
A: venomous fangs, tiny, (horns 1), (large bone plates 2), icemail 1, (spiny 2),
condensation shield
a: End Transformation, Renounce Religion


You were on level 1 of the Abyss.
You worshipped Vehumet.
Vehumet was pleased with you.
You were a venomous arachnid creature.
You visited 2 branches of the dungeon, and saw 9 of its levels.
You visited the Abyss 1 time.

You collected 424 gold pieces.

Inventory:

Hand Weapons
 a - the +12 long sword of Wealth (melded) {chaos, Contam rPois Int+5}
   (You found it on level 5 of the Dungeon)

   Int:       It affects your intelligence (+5).
   rPois:     It protects you from poison.
   Contam:    It causes magical contamination when unequipped.
 B - the +0 hand axe "Urusifu" {freeze, Str+2 Int+3 Dex+2}
   (You found it on level 7 of the Dungeon)

   Str:       It affects your strength (+2).
   Int:       It affects your intelligence (+3).
   Dex:       It affects your dexterity (+2).
Armour
 h - a +0 pair of gloves (melded)
 i - a +1 pair of boots (melded)
 D - a +2 robe of positive energy
 F - the +3 leather armour of Leapfrog (melded) {rPois Int+3 Stlth+}
   (You found it on level 7 of the Dungeon)

   Int:       It affects your intelligence (+3).
   rPois:     It protects you from poison.
   Stlth:     It makes you more stealthy.
Magical Staves
 w - a staff of earth
Jewellery
 e - a ring of protection from fire
 q - the ring of Balance (right front pincers) {Will+ Int+3}
   (You acquired it on level 4 of the Dungeon)

   [ring of willpower]

   Int:       It affects your intelligence (+3).
   Will:      It increases your willpower.
 s - a +4 ring of protection (left front pincers)
 u - a ring of resist corrosion
 A - a ring of wizardry
 C - the ring of Megalomania {Drain rN+ Int-4 Slay+5 Stlth+}
   (You found it on level 7 of the Dungeon)

   [ring of positive energy]

   Int:       It affects your intelligence (-4).
   Slay:      It affects your accuracy & damage with ranged weapons and melee
   (+5).
   rN:        It protects you from negative energy.
   Drain:     It drains your maximum health when unequipped.
   Stlth:     It makes you more stealthy.
Wands
 f - a wand of roots (6)
 r - a wand of paralysis (12)
 y - a wand of quicksilver (12)
 z - a wand of digging (1)
Scrolls
 d - 7 scrolls of teleportation
 j - 2 scrolls of identify
 m - a scroll of fear
 n - 2 scrolls of immolation
Potions
 b - 2 potions of lignification
 c - a potion of brilliance
 k - a potion of flight
 l - a potion of ambrosia
 p - a potion of curing
 t - a potion of invisibility
 v - a potion of magic
 x - a potion of cancellation


   Skills:
 * Level 3.5 Fighting
 + Level 1.5 Long Blades
 + Level 1.9 Armour
 + Level 4.7 Dodging
 + Level 1.9 Stealth
 + Level 2.9 Shields
 + Level 8.4 Unarmed Combat
 * Level 5.7 Spellcasting
 * Level 7.1 Transmutations
 + Level 1.3 Ice Magic
 + Level 3.4 Poison Magic


You had 4 spell levels left.
You knew the following spells:

 Your Spells              Type           Power      Damage    Failure   Level
a - Beastly Appendage     Tmut           72%        N/A       3%          1
b - Wereblood             Tmut           36%        N/A       4%          2
i - Ice Form              Ice/Tmut       23%        N/A       36%         4
p - Spider Form           Tmut/Pois      28%        N/A       12%         3
s - Sting                 Tmut/Pois      100%       1d8       5%          1
u - Yara's Violent Unrav  Hex/Tmut       10%        3d6       75%         5

Your spell library contained the following spells:

 Spells                   Type           Power      Damage    Failure   Level
 Magic Dart               Conj           24%        1d4       24%         1
 Poisonous Vapours        Pois/Air       26%        N/A       21%         2
 Olgreb's Toxic Radiance  Pois           20%        N/A       45%         4
 Tukima's Dance           Hex            6%         N/A       52%         3
 Passage of Golubria      Tloc           6%         N/A       86%         4
 Borgnjor's Revivificati  Necr           3%         N/A       100%        8
 Necromutation            Tmut/Necr      10%        N/A       100%        8
 Death's Door             Necr           3%         N/A       100%        9


Dungeon Overview and Level Annotations

Branches:
Dungeon (8/15)             Temple (1/1) D:6
   Lair: D:8-11

Altars:
Ashenzari
Cheibriados
Dithmenos
Fedhas
Gozag
Hepliaklqana
Kikubaaqudgha
Makhleb
Nemelex Xobeh
Okawaru
Ru
Sif Muna
Trog
Uskayaw
Vehumet
Wu Jian
Xom
Yredelemnul

Portals:
Bailey: D:8

Annotations:
D:4 3 runed translucent doors, Jingleheimer's ghost, amateur OpTm
D:8 Psyche


Innate Abilities, Weirdness & Mutations

You are a venomous arachnid creature.
You have venomous fangs.
You are tiny and dextrous.
Your spellcasting is less reliable in this form.
Your armour is entirely melded.
You are incapable of wielding weapons or throwing items.
((You have a pair of small horns on your head.))
((You are mostly covered in large bone plates. (SH +6)))
A meltable icy envelope protects you from harm. (AC +4)
((You are mostly covered in sharp spines.))
A meltable shield of frost defends you. (SH +4)


Message History

The thrashing horror completely misses you. x2
Okay, then.
Enter note: yeah cool fun good The thrashing horror attacks as you move away!
The thrashing horror tramples you but does no damage.
The thrashing horror misses you. Something completely misses you.
The thrashing horror barely misses you.
The thrashing horror tramples you but does no damage.
A sky beast appears from thin air!
Reactivating autopickup.
The thrashing horror tramples you!
* * * LOW HITPOINT WARNING * * *
You stumble backwards!
An ancient zyme comes into view.
The sky beast flickers out of sight!
Deactivating autopickup; reactivate with Ctrl-A.
The ancient zyme moves out of view.
Something hits you but does no damage. Something barely misses you.
You feel better.
The thrashing horror tramples you but does no damage.
The thrashing horror misses you.
You feel yourself speed up. The thrashing horror tramples you!
* * * LOW HITPOINT WARNING * * *
You stumble backwards!
You feel yourself growing ill in the presence of the ancient zyme.
Unknown command.
Found a corrupted altar of Lugonu.
Something completely misses you.
A sky beast appears from thin air!
Reactivating autopickup.
The thrashing horror misses you.
The thrashing horror closely misses you.
The thrashing horror attacks as you move away!
The thrashing horror closely misses you.
The thrashing horror misses you. The thrashing horror barely misses you.
The thrashing horror tramples you.
* * * LOW HITPOINT WARNING * * *
You stumble backwards!
The thrashing horror attacks as you move away!
The thrashing horror tramples you!
You die...

▒▒▒▒ ▒▒∙ ∙∙∙
∙∙∙▒ ▒∙▒▒
∙∙∙ ▒∙s▒▒
▒∙∙▒
▒∙∙▒▒X∙∙▒∙∙▒
▒∙ ▒∙▒∙∙▒▒
▒▒ ▒▒∙∙∙∙∙▒
▒∙∙∙∙∙∙∙∙▒▒
▒ ∙
▒▒▒∙▒▒∙▒▒▒∙▒
∙▒∙∙▒▒
▒∙∙∙▒∙∙∙▒ ▒∙
∙▒ ▒▒
▒∙▒▒∙▒▒∙∙▒ ∙
▒∙ ∙∙▒∙▒▒ ▒▒
∙▒ ▒∙▒


You could see a thrashing horror.

Vanquished Creatures
  A two-headed ogre (D:7)
  A skeletal warrior (D:7)
  A deep elf pyromancer (D:7)
  A gargoyle (D:7)
  2 trolls (D:7)
  Grinder (D:6)
  2 wraiths (D:7)
  Menkaure (D:4)
  2 water moccasins (D:7)
  2 black bears
  2 ice beasts (D:7)
  2 ogres (D:7)
  2 centaurs
  3 phantoms
  3 bullfrogs (D:7)
  2 kobold brigands
  9 wights
  2 killer bees
  A howler monkey (D:4)
  4 gnoll boudas
  3 hounds
  A sleepcap (D:7)
  3 iguanas
  4 orc wizards
  7 gnolls
  6 adders
  2 white imps
  An ufetubus (D:7)
  2 worms
  5 dart slugs
  16 orcs
  5 ball pythons
  7 endoplasms
  A giant cockroach (D:2)
  8 goblins
  9 hobgoblins
  A jackal (D:1)
  2 quokkas
  4 bats
  3 frilled lizards
  24 kobolds
  8 rats
166 creatures vanquished.

Vanquished Creatures (others)
  A killer bee (D:8)
1 creature vanquished.

Grand Total: 167 creatures vanquished

Notes
Turn   | Place    | Note
-------+----------+-------------------------------------------
     0 | D:1      | Zeor the Demonspawn Transmuter began the quest for the Orb.
     0 | D:1      | Reached XP level 1. HP: 15/15 MP: 3/3
   187 | D:1      | Reached skill level 3 in Unarmed Combat
   222 | D:1      | Gained mutation: A meltable shield of frost defends you.
                  | (SH +4) [demonic ancestry]
   222 | D:1      | Reached XP level 2. HP: 21/21 MP: 3/5
   605 | D:1      | Gained mutation: A meltable icy envelope protects you from
                  | harm. (AC +4) [demonic ancestry]
   605 | D:1      | Reached XP level 3. HP: 26/26 MP: 4/6
   623 | D:1      | Learned a level 2 spell: Wereblood
  1193 | D:2      | Found a faded altar of an unknown god.
  1937 | D:3      | Gained mutation: You are partially covered in sharp spines.
                  | [demonic ancestry]
  1937 | D:3      | Reached XP level 4. HP: 32/32 MP: 4/8
  2561 | D:4      | Learned a level 1 spell: Sting
  2565 | D:4      | Learned a level 3 spell: Spider Form
  2603 | D:4      | Reached skill level 4 in Unarmed Combat
  2603 | D:4      | Mutation became permanent: You have a pair of small horns
                  | on your head. [demonic ancestry]
  2603 | D:4      | Gained mutation: You have a pair of horns on your head.
                  | [demonic ancestry]
  2603 | D:4      | Reached XP level 5. HP: 31/37 MP: 5/9
  2653 | D:4      | Noticed a black bear
  2661 | D:4      | Killed a black bear
  2722 | D:4      | Gained mutation: You are partially covered in large bone
                  | plates. (SH +4) [demonic ancestry]
  2722 | D:4      | Reached XP level 6. HP: 42/43 MP: 3/11
  2798 | D:4      | Noticed Jingleheimer's ghost (amateur OpTm)
  2799 | D:4      | Found a runed translucent gate.
  2800 | D:4      | Found a runed translucent gate.
  2800 | D:4      | Found a runed translucent gate.
  2822 | D:4      | Identified a scroll of acquirement
  2822 | D:4      | Acquired the ring of Balance {Will+ Int+3}
  2981 | D:4      | Found a sacrificial altar of Ru.
  3005 | D:4      | Found a blossoming altar of Fedhas.
  3050 | D:4      | Found an ancient bone altar of Kikubaaqudgha.
  3167 | D:4      | Noticed Menkaure
  3178 | D:4      | Killed Menkaure
  3179 | D:4      | Reached skill level 1 in Stealth
  3477 | D:4      | Found a broken altar of Ashenzari.
  3477 | D:4      | Found a snail-covered altar of Cheibriados.
  3477 | D:4      | Found a bloodstained altar of Trog.
  3478 | D:4      | Found a hazy altar of Hepliaklqana.
  3478 | D:4      | Found a shimmering blue altar of Sif Muna.
  3478 | D:4      | Found an iron altar of Okawaru.
  3479 | D:4      | Found a radiant altar of Vehumet.
  3480 | D:4      | Found a shimmering altar of Xom.
  3480 | D:4      | Found an ornate altar of the Wu Jian Council.
  3487 | D:4      | Became a worshipper of Vehumet
  3613 | D:5      | Entered Level 5 of the Dungeon
  3693 | D:5      | Identified the +12 long sword of Wealth {chaos, Contam
                  | rPois Int+5}
  3708 | D:5      | Reached skill level 1 in Shields
  3708 | D:5      | Reached XP level 7. HP: 45/48 MP: 10/12
  4175 | D:5      | Reached skill level 1 in Armour
  4409 | D:6      | Reached skill level 5 in Unarmed Combat
  4493 | D:6      | Gained mutation: You are mostly covered in sharp spines.
                  | [demonic ancestry]
  4493 | D:6      | Reached XP level 8. HP: 38/54 MP: 12/14
  4550 | D:6      | Found a basalt altar of Yredelemnul.
  4562 | D:6      | Learned a level 4 spell: Ice Form
  4570 | D:6      | Found a staircase to the Ecumenical Temple.
  4589 | D:6      | Reached * piety under Vehumet
  4589 | D:6      | Offered knowledge of Kiss of Death by Vehumet.
  4594 | D:6      | Reached skill level 5 in Transmutations
  4654 | Temple   | Entered the Ecumenical Temple
  4787 | D:6      | Reached skill level 1 in Poison Magic
  4992 | D:6      | Noticed Grinder
  5008 | D:6      | Killed Grinder
  5009 | D:6      | Reached skill level 6 in Unarmed Combat
  5046 | D:6      | Found a shadowy altar of Dithmenos.
  5367 | D:7      | Noticed a two-headed ogre
  5370 | D:7      | Noticed a troll
  5385 | D:7      | Killed a two-headed ogre
  5386 | D:7      | Gained mutation: You are mostly covered in large bone
                  | plates. (SH +6) [demonic ancestry]
  5386 | D:7      | Reached XP level 9. HP: 51/60 MP: 12/16
  5393 | D:7      | Killed a troll
  5394 | D:7      | Reached skill level 7 in Unarmed Combat
  5414 | D:7      | Noticed a troll
  5425 | D:7      | Killed a troll
  5426 | D:7      | Reached skill level 5 in Spellcasting
  5431 | D:7      | Noticed a gargoyle
  5444 | D:7      | Noticed a deep elf pyromancer
  5471 | D:7      | Killed a deep elf pyromancer
  5634 | D:7      | Found an opulent altar of Gozag.
  5682 | D:7      | Found a sparkling altar of Nemelex Xobeh.
  5913 | D:7      | Identified the +0 hand axe "Urusifu" {freeze, Str+2 Int+3
                  | Dex+2}
  5932 | D:7      | Identified the ring of Megalomania {Drain rN+ Int-4 Slay+5
                  | Stlth+}
  5951 | D:7      | Reached XP level 10. HP: 13/68 MP: 14/17
  6080 | D:7      | Reached skill level 1 in Ice Magic
  6170 | D:7      | Noticed a skeletal warrior
  6180 | D:7      | Killed a skeletal warrior
  6181 | D:7      | Reached skill level 1 in Long Blades
  6181 | D:7      | Reached skill level 8 in Unarmed Combat
  6190 | D:7      | Reached ** piety under Vehumet
  6190 | D:7      | Offered knowledge of Magic Dart by Vehumet.
  6270 | D:7      | Killed a gargoyle
  6538 | D:7      | Identified the +3 leather armour of Leapfrog {rPois Int+3
                  | Stlth+}
  6830 | D:7      | Learned a level 5 spell: Yara's Violent Unravelling
  6886 | D:8      | Found a burning altar of Makhleb.
  6962 | D:8      | Found a flagged portal.
  6969 | D:8      | Noticed Psyche
  6987 | Abyss:1  | Cast into level 1 of the Abyss (Psyche)
  7012 | Abyss:1  | Noticed a thrashing horror
  7040 | Abyss:1  | yeah cool fun good
  7046 | Abyss:1  | Found a corrupted altar of Lugonu.
  7055 | Abyss:1  | Slain by a thrashing horror

Illustrated notes

▒∙ ∙ ▒∙▒ ∙▒▒ ▒
▒∙∙∙▒∙ ▒ ∙
▒{▒∙∙▒∙▒▒ ∙
∙∙∙∙∙▒∙ ∙ ∙
▒∙▒∙∙∙ ▒ ∙∙
▒▒▒▒▒∙∙▒▒ ▒
∙∙∙∙▒∙∙∙∙Xs∙▒▒∙∙▒
▒∙∙ ▒∙∙∙∙∙∙∙∙∙∙▒
▒ ∙▒ ▒∙
▒∙∙∙▒∙∙▒∙∙▒▒ ▒∙ ▒
∙∙▒∙▒∙∙▒▒∙∙▒ ∙
▒∙▒▒▒▒▒∙∙∙▒∙∙▒
∙∙∙ ∙∙∙ ▒ ∙∙▒∙▒
▒▒▒▒ ∙∙ ▒
▒∙∙∙∙▒▒▒ ∙∙∙∙∙▒
▒▒∙▒∙∙▒▒▒▒▒ ∙ ∙▒
▒▒∙∙▒▒▒∙∙▒∙ ▒


Turn 7040 on Abyss:1: yeah cool fun good

Levels and vault maps discovered:
D:1:      heliophobic_arrival_glass_houses, layout_loops_ring,
          kennysheep_flooded_box, minmay_misc_feat_cross, minmay_pentomino_u4
D:2:      layout_basic, shapermc_ecumenical_altar_venn, serial_curves,
          eino_curves_02, eino_curves_04, eino_curves_02, eino_curves_03
D:3:      layout_basic, kennysheep_donut
D:4:      layout_loops_ring, mainiacjoe_overflow_six_doors_small,
          mainiacjoe_overflow_concentric_impassable, nicolae_overflows_in_rows,
          mainiacjoe_overflow_surrounded_room, gammafunk_ghost_split,
          uniq_menkaure
D:5:      layout_basic, minivault_25
D:6:      layout_rooms, mainiacjoe_overflow_paths, kennysheep_little_box,
          minmay_temple_entry_grid, dk_noncrumbling_4, uniq_grinder
D:7:      minmay_the_grid_plus [minmay_the_grid_minigrid_medium,
          minmay_the_grid_large_cup, minmay_the_grid_outer_diamond,
          minmay_the_grid_aliased_spiral,
          minmay_the_grid_prize_four_corners_diamond_b], layout_loops_ring,
          pdpol_temple_overflow_zin_treasury_gozag_greed,
          nemelex_spade_bored_becter, mrwooster_statue_mirror
D:8:      layout_basic, mainiacjoe_overflow_tiny_flanked, enter_bailey_2,
          enter_ossuary_3, uniq_maurice, uniq_pikel, uniq_psyche
Temple:   ebering_the_one_and_only
Abyss:1:  base: Ossuary, minivault_19, patterned_corridor

Skill      XL: |  1  2  3  4  5  6  7  8  9 10 |
---------------+-------------------------------+-----
Unarmed Combat | 3 4 5 6 7 8 |  8.4
Transmutations | 2 3 4 6 7 |  7.1
Spellcasting   | 3 4 5 |  5.7
Dodging        | 2 3 4 |  4.7
Stealth        | 1 |  1.9
Shields        | 1 2 |  2.9
Armour         | 1 |  1.9
Poison Magic   | 2 3 |  3.4
Fighting       | 2 3 |  3.5
Ice Magic      | 1 |  1.3
Long Blades    | 1 |  1.5

Action                     |  1- 3 |  4- 6 |  7- 9 | 10-12 || total
---------------------------+-------+-------+-------+-------++-------
  Melee: Unarmed           |   104 |    94 |   208 |    69 ||   475
         Kick              |    28 |    14 |    14 |       ||    56
         Headbutt          |    13 |    17 |    17 |     3 ||    50
         Punch             |     2 |     1 |     1 |     4 ||     8
         Long sword        |       |       |     7 |    30 ||    37
   Cast: Beastly Appendage |    26 |    15 |     8 |     1 ||    50
         Wereblood         |     1 |     6 |     7 |     5 ||    19
         Spider Form       |       |     2 |    11 |     8 ||    21
         Sting             |       |     1 |     5 |     3 ||     9
         Ice Form          |       |       |     1 |       ||     1
    Use: Scroll            |       |     7 |    11 |     2 ||    20
         Potion            |       |     5 |     1 |     6 ||    12
   Stab: Sleeping          |       |     1 |       |       ||     1
 Armour: Robe              |    22 |     8 |       |       ||    30
         Skin              |       |     5 |    20 |    38 ||    63
         Leather armour    |       |    13 |    23 |     8 ||    44
  Dodge: Dodged            |    52 |    35 |   138 |   123 ||   348
  Block: Other             |     6 |    18 |    51 |    44 ||   119
